TOP OF THE 1ST |
Baffin Island Beavers batting - Pitching for Irvine Gang Green : LHP Masutaro Koyama
|
Pitching: LHP Masutaro Koyama
|
|
Batting: LHB Chris Bates
|
0-0: Swinging Strike 0-1: Ground out 6-3 (Groundball, 6M)
|
Batting: RHB Dave Craig
|
0-0: Ball 1-0: Ball 2-0: Ball 3-0: Base on Balls
|
Batting: RHB Tony Morton
|
0-0: Ball 1-0: Called Strike 1-1: Foul Ball, location: 2F 1-2: Ground out 2-3 (Groundball, 23) Dave Craig to second
|
Batting: RHB Dexter Potter
|
0-0: Called Strike 0-1: Ball 1-1: Foul Ball, location: 2F 1-2: Strikes out looking
|
Top of the 1st over - 0 run(s), 0 hit(s), 0 error(s), 1 left on base; Baffin Island 0 - Irvine 0 |
BOTTOM OF THE 1ST |
Irvine Gang Green batting - Pitching for Baffin Island Beavers : RHP Robert Reeves
|
Pitching: RHP Robert Reeves
|
|
Batting: LHB Jesús Campos
|
0-0: Foul Ball, location: 2F 0-1: Ball 1-1: Fly out, F5 (Popup, 6)
|
Batting: LHB Jorge Martínez
|
0-0: Called Strike 0-1: Ball 1-1: Swinging Strike 1-2: Foul Ball, location: 2F 1-2: Ball 2-2: Foul Ball, location: 2F 2-2: Strikes out looking
|
Batting: RHB Eichiro Yamamoto
|
0-0: Called Strike 0-1: Fly out, F2 (Popup, 3SF)
|
Bottom of the 1st over - 0 run(s), 0 hit(s), 0 error(s), 0 left on base; Baffin Island 0 - Irvine 0 |
TOP OF THE 2ND |
Baffin Island Beavers batting - Pitching for Irvine Gang Green : LHP Masutaro Koyama
|
Batting: SHB Alonso Ferreira
|
0-0: Ball 1-0: Called Strike 1-1: Ball 2-1: Fly out, F7 (Popup, 6D)
|
Batting: LHB Lorenzo Villa
|
0-0: Ball 1-0: Ball 2-0: Swinging Strike 2-1: Foul Ball, location: 2F 2-2: Strikes out swinging
|
Batting: RHB Mario López
|
0-0: Ground out 1-3 (Groundball, 2L)
|
Top of the 2nd over - 0 run(s), 0 hit(s), 0 error(s), 0 left on base; Baffin Island 0 - Irvine 0 |
BOTTOM OF THE 2ND |
Irvine Gang Green batting - Pitching for Baffin Island Beavers : RHP Robert Reeves
|
Batting: LHB Leonardo Medina
|
0-0: Called Strike 0-1: Foul Ball, location: 2F 0-2: Ball 1-2: Foul Ball, location: 2F 1-2: Ball 2-2: Ball 3-2: Foul Ball, location: 2F 3-2: Base on Balls
|
Batting: LHB Víctor Quiñones
|
0-0: Called Strike 0-1: Called Strike 0-2: Ball 1-2: Foul Ball, location: 2F 1-2: Strikes out swinging
|
Batting: RHB José Salazar
|
0-0: Called Strike 0-1: Ball 1-1: Ball 2-1: Ball 3-1: Base on Balls Leonardo Medina to second
|
Batting: RHB Tom Doherty
|
0-0: Ball 1-0: Swinging Strike 1-1: Grounds into double play, 6-4-3 (Groundball, 6)
|
Bottom of the 2nd over - 0 run(s), 0 hit(s), 0 error(s), 1 left on base; Baffin Island 0 - Irvine 0 |
TOP OF THE 3RD |
Baffin Island Beavers batting - Pitching for Irvine Gang Green : LHP Masutaro Koyama
|
Batting: LHB Jeff Cole
|
0-0: Ball 1-0: Foul Ball, location: 2F 1-1: Ball 2-1: Foul Ball, location: 2F 2-2: Foul Ball, location: 2F 2-2: Strikes out swinging
|
Batting: LHB Mario García
|
0-0: Swinging Strike 0-1: Fly out, F5 (Popup, 5L)
|
Batting: LHB Chris Bates
|
0-0: Called Strike 0-1: Called Strike 0-2: Ball 1-2: SINGLE (Line Drive, 6M)
|
Batting: RHB Dave Craig
|
0-0: Ball 1-0: Called Strike 1-1: Called Strike 1-2: Ball 2-2: Foul Ball, location: 2F 2-2: Ball 3-2: Ground out 6-3 (Groundball, 6)
|
Top of the 3rd over - 0 run(s), 1 hit(s), 0 error(s), 1 left on base; Baffin Island 0 - Irvine 0 |
BOTTOM OF THE 3RD |
Irvine Gang Green batting - Pitching for Baffin Island Beavers : RHP Robert Reeves
|
Batting: RHB Aaron Wilson
|
0-0: Foul Ball, location: 2F 0-1: Ball 1-1: Called Strike 1-2: Ground out 5-3 (Groundball, 56S)
|
Batting: LHB Tony Tavárez
|
0-0: Ball 1-0: Called Strike 1-1: Swinging Strike 1-2: Foul Ball, location: 2F 1-2: Strikes out swinging
|
Batting: LHB Jesús Campos
|
0-0: Ball 1-0: Swinging Strike 1-1: Ball 2-1: Foul Ball, location: 2F 2-2: Strikes out swinging
|
Bottom of the 3rd over - 0 run(s), 0 hit(s), 0 error(s), 0 left on base; Baffin Island 0 - Irvine 0 |
TOP OF THE 4TH |
Baffin Island Beavers batting - Pitching for Irvine Gang Green : LHP Masutaro Koyama
|
Batting: RHB Tony Morton
|
0-0: Swinging Strike 0-1: Called Strike 0-2: Strikes out swinging
|
Batting: RHB Dexter Potter
|
0-0: Called Strike 0-1: Called Strike 0-2: Ball 1-2: Strikes out swinging
|
Batting: SHB Alonso Ferreira
|
0-0: Ball 1-0: Ball 2-0: Ball 3-0: Base on Balls
|
Batting: LHB Lorenzo Villa
|
0-0: Ball 1-0: Called Strike 1-1: Ball 2-1: Ball 3-1: Foul Ball, location: 2F 3-2: Strikes out swinging
|
Top of the 4th over - 0 run(s), 0 hit(s), 0 error(s), 1 left on base; Baffin Island 0 - Irvine 0 |
BOTTOM OF THE 4TH |
Irvine Gang Green batting - Pitching for Baffin Island Beavers : RHP Robert Reeves
|
Batting: LHB Jorge Martínez
|
0-0: Ball 1-0: Ball 2-0: Ball 3-0: Base on Balls
|
Batting: RHB Eichiro Yamamoto
|
0-0: Fly out, F8 (Flyball, 8LS)
|
Batting: LHB Leonardo Medina
|
0-0: Ball Wild Pitch! Jorge Martínez to second 1-0: Called Strike 1-1: Swinging Strike 1-2: Foul Ball, location: 2F 1-2: Strikes out swinging
|
Batting: LHB Víctor Quiñones
|
0-0: Swinging Strike 0-1: Foul Ball, location: 2F 0-2: Ball 1-2: Foul Ball, location: 2F 1-2: Ground out 4-3 (Groundball, 4)
|
Bottom of the 4th over - 0 run(s), 0 hit(s), 0 error(s), 1 left on base; Baffin Island 0 - Irvine 0 |
TOP OF THE 5TH |
Baffin Island Beavers batting - Pitching for Irvine Gang Green : LHP Masutaro Koyama
|
Batting: RHB Mario López
|
0-0: Ball 1-0: Ball 2-0: Ball 3-0: Base on Balls
|
Batting: LHB Jeff Cole
|
0-0: Called Strike 0-1: Ball 1-1: Ball 2-1: Foul Ball, location: 2F 2-2: Ball 3-2: Strikes out looking Throwing error on steal attempt, E2 Mario López to third
|
Batting: LHB Mario García
|
0-0: Called Strike 0-1: Ball 1-1: Called Strike 1-2: Strikes out swinging
|
Batting: LHB Chris Bates
|
0-0: Called Strike 0-1: Foul Ball, location: 2F 0-2: Strikes out swinging
|
Top of the 5th over - 0 run(s), 0 hit(s), 1 error(s), 1 left on base; Baffin Island 0 - Irvine 0 |
BOTTOM OF THE 5TH |
Irvine Gang Green batting - Pitching for Baffin Island Beavers : RHP Robert Reeves
|
Batting: RHB José Salazar
|
0-0: Called Strike 0-1: Foul Ball, location: 2F 0-2: Ball 1-2: Ball 2-2: Foul Ball, location: 2F 2-2: Ball 3-2: Fly out, F2 (Popup, 2R)
|
Batting: RHB Tom Doherty
|
0-0: Called Strike 0-1: Ball 1-1: Called Strike 1-2: Ball 2-2: Foul Ball, location: 2F 2-2: Strikes out looking
|
Batting: RHB Aaron Wilson
|
0-0: Foul Ball, location: 2F 0-1: Ball 1-1: Ball 2-1: Ball 3-1: Base on Balls
|
Batting: LHB Tony Tavárez
|
0-0: Ball 1-0: Ball 2-0: Called Strike 2-1: Foul Ball, location: 2F 2-2: Foul Ball, location: 2F 2-2: Ball Aaron Wilson steals 2nd base 3-2: Strikes out swinging
|
Bottom of the 5th over - 0 run(s), 0 hit(s), 0 error(s), 1 left on base; Baffin Island 0 - Irvine 0 |
TOP OF THE 6TH |
Baffin Island Beavers batting - Pitching for Irvine Gang Green : LHP Masutaro Koyama
|
Batting: RHB Dave Craig
|
0-0: Foul Ball, location: 2F 0-1: Swinging Strike 0-2: Foul Ball, location: 2F 0-2: Strikes out swinging
|
Batting: RHB Tony Morton
|
0-0: Ball 1-0: Ground out 4-3 (Groundball, 4)
|
Batting: RHB Dexter Potter
|
0-0: Ball 1-0: Called Strike 1-1: Ground out 6-3 (Groundball, 6)
|
Top of the 6th over - 0 run(s), 0 hit(s), 0 error(s), 0 left on base; Baffin Island 0 - Irvine 0 |
BOTTOM OF THE 6TH |
Irvine Gang Green batting - Pitching for Baffin Island Beavers : RHP Robert Reeves
|
Batting: LHB Jesús Campos
|
0-0: Foul Ball, location: 2F 0-1: Ball 1-1: Called Strike 1-2: Fly out, F9 (Flyball, 9M)
|
Batting: LHB Jorge Martínez
|
0-0: Called Strike 0-1: Called Strike 0-2: Strikes out swinging
|
Batting: RHB Eichiro Yamamoto
|
0-0: Ball 1-0: Fly out, F8 (Flyball, 8RD)
|
Bottom of the 6th over - 0 run(s), 0 hit(s), 0 error(s), 0 left on base; Baffin Island 0 - Irvine 0 |
TOP OF THE 7TH |
Baffin Island Beavers batting - Pitching for Irvine Gang Green : LHP Masutaro Koyama
|
Batting: SHB Alonso Ferreira
|
0-0: Ball 1-0: Swinging Strike 1-1: Foul Ball, location: 2F 1-2: Fly out, F8 (Flyball, 8LD)
|
Batting: LHB Lorenzo Villa
|
0-0: Called Strike 0-1: Ground out 4-3 (Groundball, 4M)
|
Batting: RHB Mario López
|
0-0: Called Strike 0-1: Ground out 5-3 (Groundball, 56)
|
Top of the 7th over - 0 run(s), 0 hit(s), 0 error(s), 0 left on base; Baffin Island 0 - Irvine 0 |
BOTTOM OF THE 7TH |
Irvine Gang Green batting - Pitching for Baffin Island Beavers : RHP Robert Reeves
|
Batting: LHB Leonardo Medina
|
0-0: Ball 1-0: Ball 2-0: Ball 3-0: Called Strike 3-1: Foul Ball, location: 2F 3-2: Base on Balls
|
Batting: LHB Víctor Quiñones
|
0-0: Called Strike 0-1: Foul Ball, location: 2F 0-2: Ball 1-2: SINGLE (Groundball, 34D) Leonardo Medina to second Leonardo Medina to third
|
Pinch Hitting: RHB Manny Copriviza
|
0-0: Foul Ball, location: 2F 0-1: Ball 1-1: Foul Ball, location: 2F 1-2: Ball 2-2: Ground out 4-3 (Groundball, 4) Víctor Quiñones to second
|
Batting: RHB Tom Doherty
|
0-0: Intentional Walk
|
Pitching: RHP Juan Gonzáles
|
|
Pinch Hitting: LHB Tom Baker
|
0-0: Called Strike 0-1: Ball 1-1: Foul Ball, location: 2F 1-2: Ball 2-2: Foul Ball, location: 2F 2-2: Ball 3-2: Foul Ball, location: 2F 3-2: Foul Ball, location: 2F 3-2: DOUBLE (Flyball, 9M) Leonardo Medina scores Víctor Quiñones scores Tom Doherty to third
|
Pitching: LHP José Bamuelos
|
|
Batting: LHB Tony Tavárez
|
0-0: Ball 1-0: Foul Ball, location: 2F 1-1: DOUBLE (Line Drive, 78S) Tom Doherty scores Tom Baker scores
|
Batting: LHB Jesús Campos
|
0-0: Foul Ball, location: 2F 0-1: Foul Ball, location: 2F 0-2: Ground out 4-3 (Groundball, 4) Tony Tavárez to third
|
Pitching: RHP Ron Henningar
|
|
Batting: LHB Jorge Martínez
|
0-0: Ball 1-0: Foul Ball, location: 2F 1-1: Foul Ball, location: 2F 1-2: Strikes out swinging
|
Bottom of the 7th over - 4 run(s), 3 hit(s), 0 error(s), 1 left on base; Baffin Island 0 - Irvine 4 |
TOP OF THE 8TH |
Baffin Island Beavers batting - Pitching for Irvine Gang Green : LHP Masutaro Koyama
|
Now at 3B: Bill Murphy
|
|
Now at SS: Tom Baker
|
|
Batting: LHB Jeff Cole
|
0-0: Ball 1-0: Ball 2-0: Foul Ball, location: 2F 2-1: Foul Ball, location: 2F 2-2: Fly out, F4 (Line Drive, 4)
|
Batting: LHB Mario García
|
0-0: Called Strike 0-1: Ball 1-1: Ground out U3 (Groundball, 3L)
|
Batting: LHB Chris Bates
|
0-0: Foul Ball, location: 2F 0-1: SINGLE (Groundball, 34D)
|
Batting: RHB Dave Craig
|
0-0: Called Strike 0-1: Ground out 4-3 (Groundball, 4)
|
Top of the 8th over - 0 run(s), 1 hit(s), 0 error(s), 1 left on base; Baffin Island 0 - Irvine 4 |
BOTTOM OF THE 8TH |
Irvine Gang Green batting - Pitching for Baffin Island Beavers : RHP Ron Henningar
|
Batting: RHB Eichiro Yamamoto
|
0-0: Called Strike 0-1: Foul Ball, location: 2F 0-2: Ground out 4-3 (Groundball, 4)
|
Batting: LHB Leonardo Medina
|
0-0: Called Strike 0-1: Foul Ball, location: 2F 0-2: Ball 1-2: Fly out, F3 (Popup, 3F)
|
Batting: LHB Víctor Quiñones
|
0-0: Swinging Strike 0-1: Ball 1-1: Ball 2-1: Ball 3-1: Foul Ball, location: 2F 3-2: Fly out, F8 (Flyball, 8RD)
|
Bottom of the 8th over - 0 run(s), 0 hit(s), 0 error(s), 0 left on base; Baffin Island 0 - Irvine 4 |
TOP OF THE 9TH |
Baffin Island Beavers batting - Pitching for Irvine Gang Green : LHP Masutaro Koyama
|
Batting: RHB Tony Morton
|
0-0: Called Strike 0-1: Ball 1-1: Ball 2-1: Called Strike 2-2: Ball 3-2: Strikes out looking
|
Pitching: RHP Kuang-yin Yue
|
|
Batting: RHB Dexter Potter
|
0-0: Ground out 5-3 (Groundball, 5)
|
Batting: SHB Alonso Ferreira
|
0-0: Called Strike 0-1: Ground out 4-3 (Groundball, 4)
|
Top of the 9th over - 0 run(s), 0 hit(s), 0 error(s), 0 left on base; Baffin Island 0 - Irvine 4 |
|